 Dungeon Crawl Stone Soup version 0.29.0-11-gd7f09526c8 (webtiles) character file.

Game seed: 7545384446044385072

848 greasedhog the Cudgeller (level 8, -7/49 HPs)
             Began as a Gargoyle Fighter on Sept 2, 2022.
             Mangled by a wight
             ... wielding a +4 great sword
              (14 damage)
             ... on level 3 of the Dungeon.
             The game lasted 00:07:34 (5046 turns).

greasedhog the Cudgeller (Gargoyle Fighter)         Turns: 5046, Time: 00:07:35

Health: -7/49      AC: 15    Str: 20    XL:     8   Next: 1%
Magic:  8/8        EV:  9    Int:  9    God:
Gold:   145        SH:  4    Dex: 11    Spells: 7/7 levels left

rFire   . . .      SeeInvis .   s - +2 hammer (venom)
rCold   . . .      Faith    .   c - +0 buckler
rNeg    + + .      Spirit   .   b - +0 scale mail
rPois   ∞          Reflect  .   e - +0 helmet
rElec   +          Harm     .   h - +0 cloak
rCorr   +          Rampage  .   (no gloves)
Will    .....                   (no boots)
Stlth   ..........              (no amulet)
HPRegen 0.16/turn               r - ring of positive energy
MPRegen 0.11/turn               n - ring of resist corrosion

@: brilliant, flying, invisible
A: sickness immunity, AC +5, negative energy resistance 1, electricity
resistance, torment resistance 1, petrification resistance
a: no special abilities


You were on level 3 of the Dungeon.
You visited 1 branch of the dungeon, and saw 4 of its levels.
You also visited: Ossuary.

You collected 145 gold pieces.

Inventory:

Hand Weapons
 s - a +2 hammer of venom (weapon)
Armour
 b - a +0 scale mail (worn)
 c - a +0 buckler (worn)
 e - a +0 helmet (worn)
 h - a +0 cloak (worn)
Jewellery
 n - a ring of resist corrosion (right hand)
 r - a ring of positive energy (left hand)
 t - a ring of see invisible
Wands
 g - a wand of polymorph (2)
Scrolls
 a - a scroll of identify
 k - a scroll of poison
 l - 2 scrolls of blinking
 q - a scroll of butterflies
 u - a scroll of amnesia
Potions
 d - 2 potions of curing
 f - a potion of resistance
 i - a potion of heal wounds {unknown}
 j - a potion of attraction {unknown}
 m - 3 potions of flight
 o - a potion of invisibility
 p - a potion of haste {unknown}


   Skills:
 - Level 5.0 Fighting
 * Level 6.4 Maces & Flails
 - Level 5.8 Armour
 * Level 1.7 Dodging
 - Level 3.2 Shields


You had 7 spell levels left.
You didn't know any spells.
Your spell library contained the following spells:

 Spells                   Type           Power      Damage    Failure   Level
 Apportation              Tloc           0%         N/A       82%         1
 Necrotise                Necr           0%         1d4       82%         1
 Summon Small Mammal      Summ           0%         N/A       82%         1
 Conjure Flame            Conj/Fire      0%         6-21      99%         3
 Ignite Poison            Fire/Tmut/Pois 0%         N/A       99%         3
 Portal Projectile        Hex/Tloc       0%         N/A       99%         3
 Tukima's Dance           Hex            0%         N/A       99%         3
 Sticky Flame             Conj/Fire      0%         2d3       100%        4
 Alistair's Intoxication  Tmut/Pois      0%         N/A       100%        5
 Blade Hands              Tmut           0%         N/A       100%        5


Dungeon Overview and Level Annotations

Branches:
Dungeon (4/15)            Ossuary (visited)
 Temple: D:4-7

Altars:
Xom

Shops:
D:2 (   D:3 :


Innate Abilities, Weirdness & Mutations

You are immune to sickness and miasma.
Your stone body is resilient. (AC +5)
You are immune to poison.
You resist negative energy. (rN+)
You are resistant to electric shocks. (rElec)
You are resistant to unholy torment.
You are immune to petrification.


Message History

The wight attacks as you move away!
The wight hits you with a +4 great sword!
The wight attacks as you move away! The wight barely misses you.
The wight attacks as you move away!
The wight hits you with a +4 great sword!
You closely miss the wight. The wight hits you but does no damage.
It was a potion of flight.
You feel very buoyant.
You fly up into the air.
The wight barely misses you.
You hit the wight.
The wight is lightly damaged.
The wight closely misses you.
You closely miss the wight.
The wight is lightly damaged.
You block the wight's attack.
Okay, then.
Aiming: Polymorph
Press: ? - help, Shift-Dir - straight line, f - wight
Aim: a wight, wielding a +4 great sword and wearing a +0 robe (lightly damaged, not susceptible)
Okay, then.
You barely miss the wight.
The wight is lightly damaged.
The wight completely misses you.
The wight hits you with a +4 great sword!
* * * LOW HITPOINT WARNING * * *
You hit the wight.
The wight is moderately damaged.
The wight hits you with a +4 great sword.
* * * LOW HITPOINT WARNING * * *
It was a potion of brilliance.
You feel clever all of a sudden.
The wight hits you with a +4 great sword.
* * * LOW HITPOINT WARNING * * *
It was a potion of invisibility.
You fade into invisibility!
The wight hits you with a +4 great sword!
* * * LOW HITPOINT WARNING * * *
You feel better.
The wight hits you with a +4 great sword!
You die...

..#............##..#...# #.....##
..#...#####........#...# ###.#...
..#.......#...>.##.##### #.####
..#..####.#..#####.# #.#
..#.......#..# #.# #.#
<....######..# #.# ### #.####
#..# #.# #.# #..#####o# #.#
#.....@z.#### ##### #.#
#...##.#..#.## ###)))#
#.#########...##.......####)')).#
#.............####.....)#))##)))#
############..# ##.#.)#)########
⌠.............# ########
.#.#####.#.#.## ⌠..#.....#.#.#
### ..##.###.#...# #.#


You could see a wight (unable to see you) and an orc (unable to see you).

Vanquished Creatures
  Eustachio (D:4)
  A phantom (D:2)
  4 elf zombies (Ossuary)
  A wight (D:4)
  Crazy Yiuf (D:3)
  2 human zombies (Ossuary)
  3 hound zombies (Ossuary)
  3 mummies (Ossuary)
  3 gnolls (D:3)
  2 adders (D:3)
  An adder zombie (Ossuary)
  2 worms (D:2)
  A dart slug (D:2)
  5 ball pythons
  3 endoplasms
  4 giant cockroaches
  9 goblins
  3 hobgoblins
  3 jackals (D:4)
  2 quokkas
  2 bats (D:1)
  A frilled lizard (D:2)
  A gnoll zombie (Ossuary)
  7 goblin zombies (Ossuary)
  A hobgoblin zombie (Ossuary)
  3 jackal zombies (Ossuary)
  5 kobolds
  8 kobold zombies (Ossuary)
  3 quokka zombies (Ossuary)
  5 rats
90 creatures vanquished.

Notes
Turn   | Place    | Note
-------+----------+-------------------------------------------
     0 | D:1      | greasedhog the Gargoyle Fighter began the quest for the
                  | Orb.
     0 | D:1      | Reached XP level 1. HP: 14/14 MP: 1/1
   451 | D:1      | Reached XP level 2. HP: 19/19 MP: 2/2
  1436 | D:2      | Noticed a phantom
  1549 | D:2      | Reached XP level 3. HP: 23/24 MP: 3/3
  1672 | D:2      | Found a shimmering altar of Xom.
  1700 | D:2      | Found Moiluak's Antique Weapon Emporium.
  1708 | D:2      | Killed a phantom
  1709 | D:2      | Reached skill level 3 in Maces & Flails
  1709 | D:2      | Reached XP level 4. HP: 14/30 MP: 4/4
  2110 | D:2      | Reached XP level 5. HP: 34/34 MP: 5/5
  2419 | D:3      | Found a faded altar of an unknown god.
  2745 | D:3      | Reached skill level 5 in Fighting
  2753 | D:3      | Reached skill level 4 in Maces & Flails
  3238 | D:3      | Found a runed translucent door.
  3239 | D:3      | Noticed Crazy Yiuf
  3254 | D:3      | Killed Crazy Yiuf
  3358 | D:3      | Found Zotoront's Book Shoppe.
  3516 | D:4      | Found a sand-covered staircase.
  3536 | Ossuary  | Entered an ossuary
  3584 | Ossuary  | Reached XP level 6. HP: 40/40 MP: 6/6
  3940 | Ossuary  | Reached skill level 5 in Maces & Flails
  3966 | Ossuary  | Reached skill level 5 in Armour
  3966 | Ossuary  | Reached XP level 7. HP: 32/44 MP: 7/7
  4720 | D:4      | Noticed Eustachio
  4741 | D:4      | Reached skill level 6 in Maces & Flails
  4756 | D:4      | Killed Eustachio
  4757 | D:4      | Reached skill level 1 in Dodging
  4757 | D:4      | Reached XP level 8. HP: 6/49 MP: 8/8
  5041 | D:3      | HP: 1/49 [wight/+4 great sword (7)]
  5046 | D:3      | Mangled by a wight

Illustrated notes

Levels and vault maps discovered:
D:1:      minmay_arrival_stone_box, layout_basic, nrook_campfire, st_stairs_8
D:2:      layout_basic, serial_shops, shop, basic_altar, minmay_misc_feat_five
D:3:      layout_basic, serial_shops, shop_fountains,
          hellmonk_ecumenical_altar_blasted, st_stairs_7, kennysheep_path_1,
          uniq_crazy_yiuf_cottage
D:4:      layout_rooms, minmay_temple_entry_glassed_door,
          nicolae_ossuary_entry_monument, uniq_blork_the_orc, uniq_pikel,
          uniq_eustachio

Skill      XL: |  1  2  3  4  5  6  7 |
---------------+----------------------+-----
Fighting       | 4 5 |  5.0
Maces & Flails | 3 4 5 6 |  6.4
Armour         | 4 5 |  5.8
Dodging        | 1 |  1.7
Shields        | |  3.2

Action                   |  1- 3 |  4- 6 |  7- 9 || total
-------------------------+-------+-------+-------++-------
Melee: Flail             |    94 |    63 |       ||   157
       Mace              |       |   120 |   155 ||   275
  Use: Scroll            |     5 |     6 |     1 ||    12
       Potion            |     1 |     1 |     4 ||     6
Armor: Scale mail        |    49 |    82 |    74 ||   205
Dodge: Dodged            |    46 |    73 |    61 ||   180
Block: Buckler           |    18 |    38 |    33 ||    89
